 Dungeon Crawl Stone Soup version 0.30-a0-719-gcc4359ea44 (webtiles) character file.

Game seed: 8296572922828909973

61 Irreverend the Ducker (level 4, 0/31 HPs)
             Began as a Djinni Fire Elementalist on Jan 26, 2023.
             Slain by an adder (1 damage)
             ... on level 2 of the Dungeon.
             The game lasted 00:04:34 (1375 turns).

Irreverend the Ducker (Djinni Fire Elementalist)    Turns: 1375, Time: 00:04:35

Health: 0/31       AC:  3    Str:  7    XL:     4   Next: 27%
Gold:   63         EV: 13    Int: 18    God:
                   SH:  0    Dex: 14

rFire   + + .      SeeInvis .    (no weapon)
rCold   x . .      Faith    .    (no shield)
rNeg    . . .      Spirit   .    a - +0 robe
rPois   ∞          Reflect  .    (no helmet)
rElec   .          Harm     .    j - +0 cloak
rCorr   .          Rampage  .    (no gloves)
Will    .....                    (boots unavailable)
Stlth   ++                       (no amulet)
HPRegen 0.25/turn                (no ring)
MPRegen 0.00/turn                (no ring)

@: weak-willed, flying
A: sickness immunity, fire resistance 2, cold vulnerability 1, float, innate
caster, HP casting, extra vitality 1
a: no special abilities


You were on level 2 of the Dungeon.
You visited 1 branch of the dungeon, and saw 2 of its levels.

You collected 63 gold pieces.

Inventory:

Armour
 a - a +0 robe (worn)
 j - a +0 cloak (worn)
Scrolls
 g - a scroll of noise {unknown}
 h - a scroll of silence {unknown}
 i - 2 scrolls of identify {unknown}
Potions
 b - a potion of magic
 c - a potion of curing {unknown}
 d - a potion of attraction {unknown}
 f - a potion of berserk rage {unknown}
 k - 2 potions of mutation {unknown}


   Skills:
 + Level 3.6 Dodging
 - Level 1.5 Stealth
 + Level 3.1 Spellcasting


You couldn't memorise any spells.
You knew the following spells:

 Your Spells              Type           Power      Damage    Failure   Level
a - Foxfire               Conj/Fire      56%        2x1d6     4%          1
b - Scorch                Fire           28%        2d6       7%          2
c - Kindle Blastsparks    Fire/Tloc/Air  28%        2d12      13%         3
d - Inner Flame           Hex/Fire       14%        N/A       13%         3
e - Flame Wave            Conj/Fire      14%        2d6       41%         4
f - Slow                  Hex            56%        N/A       4%          1
Your spell library was empty.

Dungeon Overview and Level Annotations

Branches:
Dungeon (2/15)

Altars:


Innate Abilities, Weirdness & Mutations

You are immune to sickness and miasma.
You are immune to poison.
Your flesh is very heat resistant. (rF++)
You are vulnerable to cold. (rC-)
You float through the air rather than walking.
You learn spells naturally, not from books.
Your magical power is your life essence.
You have superior vitality. (+4 MHP)


Message History

The adder is no longer more vulnerable to fire.
The adder bites you. The adder bites you but does no damage.
The frilled lizard bites you. The adder attacks as you move away!
The adder completely misses you. The frilled lizard misses you.
The frilled lizard attacks as you move away!
The frilled lizard bites you.
Your magical contamination has completely faded away.
Casting: Scorch (safe; 7% risk of failure)
Confirm with . or Enter, or press ? or * to list all spells.
Flames lash the adder.
The adder is almost dead.
The adder's fire resistance burns away.
The adder closely misses you. The adder bites you.
Casting: Scorch (safe; 7% risk of failure)
Confirm with . or Enter, or press ? or * to list all spells.
Flames lash the frilled lizard.
You kill the frilled lizard!
* * * LOW HITPOINT WARNING * * *
The adder bites you.
* * * LOW HITPOINT WARNING * * *
Casting: Scorch (safe; 7% risk of failure)
Confirm with . or Enter, or press ? or * to list all spells.
Flames lash the worm.
The worm is heavily wounded.
The worm's fire resistance burns away.
* * * LOW HITPOINT WARNING * * *
The adder bites you.
* * * LOW HITPOINT WARNING * * *
Casting: Scorch (safe; 7% risk of failure)
Confirm with . or Enter, or press ? or * to list all spells.
You don't know that spell.
Casting: Scorch (safe; 7% risk of failure)
Confirm with . or Enter, or press ? or * to list all spells.
You don't have enough health to cast this spell.
As you read the scroll labelled FOAKHL XAFIU, it crumbles to dust.
Magic quickly surges around you.
It was a scroll of vulnerability.
The adder is no longer more vulnerable to fire.
The adder bites you.
You die...

#.......#### #.##.<.)....
###.#..#...#.. ######
#.....##.#<#<. #.....#
##.....##.#.#.. .......##
##.............) ........#
##.........÷#....
........###..#)..)....#)#..
........#S@.##........#.#..
........w.####........#.#..
.......†### #........#.#..
.......## #........#...#
....).. #...........##
....... ..............#
....... ....).#######..
....... ...... .. .......
...... ##


You could see a worm (weak-willed, combustible) and an adder (weak-willed).

Vanquished Creatures
  2 dart slugs (D:1)
  5 ball pythons
  5 endoplasms
  2 giant cockroaches (D:1)
  4 goblins
  4 hobgoblins
  8 jackals
  A quokka (D:2)
  4 bats
  3 frilled lizards
  8 kobolds
  3 rats (D:1)
49 creatures vanquished.

Vanquished Creatures (others)
  38 foxfires
38 creatures vanquished.

Grand Total: 87 creatures vanquished

Notes
Turn   | Place    | Note
-------+----------+-------------------------------------------
     0 | D:1      | Irreverend the Djinni Fire Elementalist began the quest for
                  | the Orb.
     0 | D:1      | Irreverend set off with the following spells memorised:
                  | Foxfire, Scorch, Kindle Blastsparks, Inner Flame, Flame
                  | Wave.
     0 | D:1      | Reached XP level 1. HP: 15/15 MP: 0/0
   254 | D:1      | Reached XP level 2. HP: 8/21 MP: 0/0
   552 | D:1      | Reached XP level 3. HP: 17/25 MP: 0/0
   552 | D:1      | Learned a level 1 spell: Slow
  1118 | D:2      | Reached XP level 4. HP: 7/31 MP: 0/0
  1374 | D:2      | HP: 1/31 [adder (4)]
  1375 | D:2      | Slain by an adder

Illustrated notes

Levels and vault maps discovered:
D:1:      elethiomel_arrival_shortcut, layout_basic
D:2:      layout_rooms, chequers_jeans

Skill      XL: |  1  2  3 |
---------------+----------+-----
Dodging        | 3 |  3.6
Spellcasting   | 3 |  3.1
Stealth        | |  1.5

Action                     |  1- 3 |  4- 6 || total
---------------------------+-------+-------++-------
   Cast: Foxfire           |    20 |     2 ||    22
         Scorch            |    32 |    15 ||    47
    Use: Scroll            |       |     1 ||     1
 Armour: Robe              |     9 |     4 ||    13
  Dodge: Dodged            |    24 |     9 ||    33

Table legend: (Time is in decaauts)
 A = Elapsed time spent in this place.
 B = Non-inter-level travel time spent in this place.
 C = Inter-level travel time spent in this place.
 D = Time resting spent in this place.
 E = Time spent auto-exploring this place.
 F = Levels seen in this place.
 G = Mean time per level.
                   A        B        C        D        E       F      G
               +--------+--------+--------+--------+--------+-----+--------+
         Total |   1374 |   1322 |     52 |    300 |    775 |   2 |  687.0 |
       Dungeon |   1374 |   1322 |     52 |    300 |    775 |   2 |  687.0 |
               +--------+--------+--------+--------+--------+-----+--------+

Top non-repeatable levels by time:
     D:1: 1087 daAuts
     D:2: 287 daAuts
